 Dungeon Crawl Stone Soup version 0.28.0-53-g5a82cb258f (webtiles) character file.

Game seed: 11347882409197022205

341 pkoi the Conjurer (level 6, -2/45 HPs)
             Began as a Demigod Hedge Wizard on June 5, 2022.
             Slain by a killer bee (4 damage)
             ... on level 4 of the Dungeon.
             The game lasted 00:06:06 (5072 turns).

pkoi the Conjurer (Demigod Hedge Wizard)            Turns: 5072, Time: 00:06:06

Health: -2/45      AC:  6    Str: 12 (13) XL:     6   Next: 8%
Magic:  10/13      EV: 12    Int: 23 (26) God:
Gold:   181        SH:  0    Dex: 10 (13) Spells: 3/10 levels left

rFire   . . .      SeeInvis .   s - +0 dagger (venom)
rCold   . . .      Faith    .   (no shield)
rNeg    . . .      Spirit   .   b - +0 robe
rPois   .          Reflect  .   r - +0 helmet
rElec   .          Harm     .   (no cloak)
rCorr   .          Rampage  .   f - +0 pair of gloves
Will    .....      Rnd*Tele +   (no boots)
Stlth   ++........              (no amulet)
HPRegen 0.15/turn               (no ring)
MPRegen 0.13/turn               (no ring)

@: lethally poisoned (-2 -> -6), hasted, very quick
A: high MP 1, forlorn, divine attributes, iridescent scales 1, clever 1, strong
1, teleportitis 1
a: no special abilities


You were on level 4 of the Dungeon.
You visited 1 branch of the dungeon, and saw 5 of its levels.

You collected 181 gold pieces.

Inventory:

Hand Weapons
 a - a +0 dagger
 e - a +0 dagger
 i - a +0 rapier
 m - a +1 dagger of speed
 s - a +0 dagger of venom (weapon)
Armour
 b - a +0 robe (worn)
 c - a +1 hat
 f - a +0 pair of gloves (worn)
 r - a +0 helmet (worn)
Wands
 j - a wand of polymorph (14)
 q - a wand of digging (3)
Scrolls
 d - a scroll of amnesia
 n - 3 scrolls of identify
 p - a scroll of acquirement
Potions
 g - a potion of attraction
 o - a potion of haste


   Skills:
 - Level 1.7 Dodging
 - Level 1.7 Stealth
 + Level 2.9 Spellcasting
 + Level 5.2 Conjurations
 - Level 0.8 Summonings
 - Level 0.8 Translocations
 + Level 1.0 Fire Magic
 + Level 1.0 Air Magic
 + Level 1.0 Poison Magic


You had 3 spell levels left.
You knew the following spells:

 Your Spells              Type           Power      Damage    Failure   Level
a - Magic Dart            Conj           100%       1d8       1%          1
b - Conjure Flame         Conj/Fire      17%        6-21      10%         3
c - Mephitic Cloud        Conj/Pois/Air  14%        N/A       13%         3

Your spell library contained the following spells:

 Spells                   Type           Power      Damage    Failure   Level
 Slow                     Hex            12%        N/A       12%         1
 Blink                    Tloc           14%        N/A       12%         2
 Call Imp                 Summ           7%         N/A       12%         2
 Airstrike                Air            4%         N/A       61%         4
 Summon Lightning Spire   Summ/Air       7%         N/A       61%         4
 Lightning Bolt           Conj/Air       8%         1d21      65%         5


Dungeon Overview and Level Annotations

Branches:
Dungeon (5/15)
 Temple: D:4-7

Annotations:
D:4 Ijyb


Innate Abilities, Weirdness & Mutations

You have an increased reservoir of magic. (+10% MP)
You shall have no god before yourself.
Your divine heritage dramatically boosts your attributes as you level up.
You are partially covered in iridescent scales. (AC +2)
Your mind is acute. (Int +2)
Your muscles are strong. (Str +2)
You are occasionally teleported next to monsters.


Message History

The killer bee is heavily wounded.
The killer bee stings you.
* * * LOW HITPOINT WARNING * * *
You are more poisoned.
The killer bee poisons you!
Unknown command.
You hit the killer bee.
The killer bee is heavily wounded.
You feel sick. The killer bee misses you.
Unknown command.
You miss the killer bee.
The killer bee is severely wounded.
You feel sick. The killer bee closely misses you. The killer bee stings you.
* * * LOW HITPOINT WARNING * * *
Unknown command.
You hit the killer bee but do no damage.
The killer bee looks even sicker.
The killer bee is almost dead.
* * * LOW HITPOINT WARNING * * *
You feel sick. The killer bee barely misses you.
Unknown command.
You hit the killer bee.
You kill the killer bee!
* * * LOW HITPOINT WARNING * * *
You feel sick.
Your Fire Magic skill increases to level 1!
Your Air Magic skill increases to level 1!
Your Poison Magic skill increases to level 1!
You have reached level 6!
Your experience leads to a dramatic increase in your attributes!
Your base attributes are Str 11, Int 20, Dex 13.
Increase (S)trength, (I)ntelligence, or (D)exterity?
You feel clever. x4
Okay, then.
Okay, then.
You hit the killer bee.
The killer bee is lightly wounded.
* * * LOW HITPOINT WARNING * * *
You feel sick. The killer bee stings you.
You die...

### #.. #.#
#.#
#.#####.#####
#y.yyy@.....#
#######.###.#
#.###.#####.#
#............
#####.#.###.#
#>).# ###.#
#... #####


You could see 4 killer bees.

Vanquished Creatures
  A scorpion (D:5)
  A killer bee (D:4)
  A jelly (D:3)
  A hound (D:4)
  Jessica (D:3)
  Robin (D:3)
  5 adders
  2 worms
  5 dart slugs
  An orc (D:4)
  5 endoplasms
  4 giant cockroaches
  12 goblins
  9 hobgoblins
  8 jackals
  A quokka (D:3)
  6 ball pythons
  9 bats
  A frilled lizard (D:1)
  6 rats
80 creatures vanquished.

Vanquished Creatures (others)
  2 plants (D:4)
2 creatures vanquished.

Grand Total: 82 creatures vanquished

Notes
Turn   | Place    | Note
-------+----------+-------------------------------------------
     0 | D:1      | pkoi the Demigod Hedge Wizard began the quest for the Orb.
     0 | D:1      | Reached XP level 1. HP: 14/14 MP: 6/6
     6 | D:1      | Reached skill level 1 in Conjurations
   475 | D:1      | Reached skill level 2 in Conjurations
   482 | D:1      | Reached XP level 2. HP: 13/20 MP: 1/8
  1807 | D:1      | Reached XP level 3. HP: 26/26 MP: 6/9
  1846 | D:1      | Learned a level 3 spell: Conjure Flame
  1879 | D:1      | Reached skill level 3 in Conjurations
  2607 | D:2      | Reached XP level 4. HP: 33/33 MP: 5/10
  3194 | D:3      | Reached skill level 4 in Conjurations
  3344 | D:3      | Identified a scroll of acquirement
  3416 | D:3      | Noticed Jessica
  3421 | D:3      | Killed Jessica
  3474 | D:3      | Noticed Robin
  3679 | D:3      | Killed Robin
  3680 | D:3      | Reached XP level 5. HP: 38/38 MP: 2/11
  3967 | D:3      | Reached skill level 5 in Conjurations
  4381 | D:3      | Learned a level 3 spell: Mephitic Cloud
  4423 | D:4      | Noticed Ijyb
  4566 | D:4      | Identified the +4 dagger "Xagossam" {antimagic, Contam
                  | rPois rCorr Dex-3}
  4571 | D:4      | You fall into a shaft and drop 1 floor!
  4571 | D:5      | Entered Level 5 of the Dungeon
  4571 | D:5      | Noticed a necrophage
  5053 | D:4      | Gained mutation: You are occasionally teleported next to
                  | monsters. [potion of mutation]
  5053 | D:4      | Gained mutation: Your muscles are strong. (Str +2) [potion
                  | of mutation]
  5053 | D:4      | Gained mutation: Your mind is acute. (Int +2) [potion of
                  | mutation]
  5053 | D:4      | Gained mutation: You are partially covered in iridescent
                  | scales. (AC +2) [potion of mutation]
  5072 | D:4      | Reached skill level 1 in Fire Magic
  5072 | D:4      | Reached skill level 1 in Air Magic
  5072 | D:4      | Reached skill level 1 in Poison Magic
  5072 | D:4      | Reached XP level 6. HP: 3/45 MP: 10/13
  5072 | D:4      | HP: 2/45 [poisoned by a killer bee]
  5072 | D:4      | Slain by a killer bee

Illustrated notes

Levels and vault maps discovered:
D:1:      noname_arrival_rooms_in_the_neighbourhood, layout_rooms,
          basic_ecumenical_altar
D:2:      layout_rooms
D:3:      layout_basic, nemelex_spade_bored_becter, nzn_hepliaklqana_mist_gate,
          chequers_mini_garden, uniq_jessica, uniq_robin
D:4:      layout_loops_ring, tso_oasis_becter, minmay_manual_mares, uniq_ijyb
D:5:      layout_basic, minmay_temple_entry_slanted, kennysheep_pointless_box,
          st_stairs_11, grunt_decor_junction, chequers_serial_rivers_micro_c,
          kennysheep_small_square

Skill      XL: |  1  2  3  4  5 |
---------------+----------------+-----
Conjurations   | 2 3 4 5 |  5.2
Fire Magic     | 1 |  1.0
Air Magic      | 1 |  1.0
Poison Magic   | 1 |  1.0
Dodging        | |  1.7
Stealth        | |  1.7
Spellcasting   | |  2.9
Summonings     | |  0.8
Translocations | |  0.8

Action                   |  1- 3 |  4- 6 || total
-------------------------+-------+-------++-------
Melee: Dagger            |    64 |    31 ||    95
       Rapier            |    23 |     8 ||    31
       Punch             |     1 |       ||     1
 Cast: Magic Dart        |   114 |    83 ||   197
  Use: Scroll            |     1 |     5 ||     6
       Potion            |       |     4 ||     4
Armor: Robe              |    40 |    16 ||    56
Dodge: Dodged            |    79 |    37 ||   116
